 Dungeon Crawl Stone Soup version 0.21.1 (webtiles) character file.

7819 shakethe the Basher (level 11, -11/100 HPs)
             Began as a Troll Monk on Feb 4, 2018.
             Was a High Priest of Okawaru.
             Mangled by a spiny frog (13 damage)
             ... on level 1 of the Lair of Beasts.
             The game lasted 00:43:43 (8100 turns).

shakethe the Basher (Troll Monk)                    Turns: 8100, Time: 00:43:44

Health: -11/100    AC: 18    Str: 21    XL:     11   Next: 1%
Magic:  10/10      EV: 10    Int:  6    God:    Okawaru [*****.]
Gold:   626        SH:  9    Dex: 15    Spells: 9/10 levels left

rFire    x . .     SeeInvis .   s - +4 flail (crush)
rCold    + + .     Gourm    +   X - +0 shield
rNeg     . . .     Faith    .   e - +5 ice dragon scales
rPois    +         Spirit   .   (helmet restricted)
rElec    .         Reflect  .   (no cloak)
rCorr    .         Harm     .   (gloves unavailable)
MR       .....                  (boots unavailable)
Stlth    ..........             (no amulet)
HPRegen  0.66/turn              w - ring of poison resistance
MPRegen  0.12/turn              f - +3 ring of evasion

@: no status effects
A: large, unfitting armour, claws 3, fast metabolism 3, gourmand, regeneration
1, shaggy fur 1, tough skin 2
a: Heroism, Finesse, Renounce Religion


You were on level 1 of the Lair of Beasts.
You worshipped Okawaru.
Okawaru was extremely pleased with you.
You were very full.

You visited 3 branches of the dungeon, and saw 10 of its levels.

You collected 626 gold pieces.

Inventory:

Hand Weapons
 c - a +5 scythe of venom
 s - a +4 flail of crushing (weapon)
 E - a +0 giant club
 G - a +0 shortbow
 H - a +0 giant spiked club
 O - a +0 dire flail
 P - a +4 falchion of freezing
 T - a cursed +2 short sword
Missiles
 J - 108 arrows
 U - 5 poisoned needles
Armour
 a - a +0 robe
 e - +5 ice dragon scales (worn)
 i - a scarf of spirit shield
 o - a cursed +0 robe
 Q - a +0 hat of magic resistance
 R - the +2 robe "Ysaemu Init" {+Inv rElec rC+ Int-2, unknown}
   (Okawaru gifted it to you on level 8 of the Dungeon)

   It affects your intelligence (-2).
   It protects you from cold.
   It insulates you from electricity.
   It lets you turn invisible.
 X - a +0 shield (worn)
Jewellery
 f - a +3 ring of evasion (right claw)
 k - an uncursed ring of see invisible
 r - a cursed ring of loudness
 w - a ring of poison resistance (left claw)
 A - an uncursed ring of magical power
 D - an uncursed ring of protection from cold {unknown}
 N - an uncursed ring of magical power
 Z - a +2 ring of protection {unknown}
Wands
 g - a wand of digging (11)
 h - a wand of polymorph (15)
 y - a wand of flame (23)
Scrolls
 d - 4 scrolls of remove curse
 q - 2 scrolls of magic mapping
 u - a scroll of random uselessness
 B - a scroll of holy word {unknown}
 C - a scroll of fear {unknown}
 F - a scroll of vulnerability {unknown}
 L - a scroll of enchant weapon
 V - a scroll of noise {unknown}
Potions
 j - 4 potions of curing
 l - a potion of lignification
 m - 3 potions of brilliance
 n - a potion of resistance
 p - a potion of invisibility {unknown}
 t - 5 potions of might {unknown}
 v - a potion of mutation {unknown}
 z - 3 potions of heal wounds
 K - a potion of agility
 W - a potion of degeneration {unknown}
Books
 M - a book of Changes

   Spells                             Type                      Level
   a - Beastly Appendage              Transmutation                1
   b - Sticks to Snakes               Transmutation                2
   c - Spider Form                    Transmutation/Poison         3
   d - Ice Form                       Ice/Transmutation            4
   e - Blade Hands                    Transmutation                5
 S - a book of Cantrips

   Spells                             Type                      Level
   a - Confusing Touch                Hexes                        1
   b - Animate Skeleton               Necromancy                   1
   c - Summon Small Mammal            Summoning                    1
   d - Apportation                    Translocation                1
Comestibles
 b - 17 rations


   Skills:
 - Level 4.3 Fighting
 - Level 12.6 Maces & Flails
 - Level 3.2 Armour
 - Level 2.5 Dodging
 - Level 1.0 Stealth
 + Level 4.2 Shields
 - Level 5.8 Unarmed Combat


You had 9 spell levels left.
You knew the following spells:

 Your Spells              Type           Power        Failure   Level  Hunger
a - Beastly Appendage     Tmut           #.....       99%         1    ##.....


Dungeon Overview and Level Annotations

Branches:
Dungeon (8/15)             Temple (1/1) D:5            Lair (1/6) D:8

Altars:
Cheibriados
Dithmenos
Elyvilon
Hepliaklqana
Kikubaaqudgha
Makhleb
Nemelex Xobeh
Okawaru
Qazlal
Ru
Sif Muna
Uskayaw
Wu Jian

Shops:
D:6 [

Portals:
Labyrinth: Lair:1


Innate Abilities, Weirdness & Mutations

You are too large for most types of armour.
You have claws for hands.
Your metabolism is lightning-fast.
You like to eat raw meat.
Your natural rate of healing is unusually fast.
You are covered in fur. (AC +1)
You have very tough skin. (AC +2)


Message History

A crocodile comes into view.
A spiny frog comes into view.
The spiny frog stings you!
* * * LOW HITPOINT WARNING * * *
You hear the frantic ticking of a distant clock.
The spiny frog stings you.
* * * LOW HITPOINT WARNING * * *
The crocodile barely misses you.
The spiny frog stings you but does no damage.
You block the crocodile's attack. The spiny frog stings you.
* * * LOW HITPOINT WARNING * * *
The crocodile bites you!
* * * LOW HITPOINT WARNING * * *
The spiny frog closely misses you. You block the crocodile's attack.
The spiny frog stings you.
* * * LOW HITPOINT WARNING * * *
You block the spiny frog's attack. The crocodile bites you.
* * * LOW HITPOINT WARNING * * *
The spiny frog stings you!
You die...

.................................
.######P###.###...###.....##.....
## ## ##...####.#+####.#[
###.#..# ... #+#+ #......#
##.....# . #......#... ###.t⌠..#
#@F...# . #.#....... # ...
#...... # ..... #..⌠.. . .......
#.... . ....... #... . .......
... . ....... ## . .


You could see a spiny frog and a crocodile.

Vanquished Creatures
  Gastronok (D:8)
  A two-headed ogre (D:8)
  Grinder (D:3)
  Prince Ribbit (D:7)
  A hippogriff (D:6)
  Sigmund (D:4)
  A yak (Lair:1)
  A basilisk (D:7)
  3 wargs (D:8)
  Menkaure (D:5)
  3 water moccasins
  Duvessa (D:4)
  A porcupine (Lair:1)
  The ghost of shakethe the Ruffian, an amateur TrMo (D:3)
  An ice beast (D:7)
  A sky beast (D:6)
  5 ogres
  9 wolves (Lair:1)
  3 centaurs
  2 crocodiles (Lair:1)
  2 big kobolds
  3 bullfrogs
  A wyvern zombie (D:8)
  4 scorpions
  Dowan (D:4)
  3 wights (D:8)
  2 howler monkeys
  2 crimson imps (D:8)
  A bullfrog zombie (D:8)
  A quasit (D:6)
  3 hounds
  A centaur skeleton (D:6)
  2 orc priests (D:8)
  3 orc wizards
  2 bullfrog skeletons
  Terence (D:3)
  An iguana (D:6)
  4 worker ants
  A killer bee zombie (D:6)
  A worker ant zombie (D:7)
  4 gnolls (D:5)
  8 adders
  2 shadow imps
  2 worms (D:2)
  A dart slug (D:3)
  6 leopard geckos
  14 orcs
  6 bats
  5 giant cockroaches
  3 goblins
  9 hobgoblins
  11 jackals
  17 kobolds
  4 quokkas
  A ball python (D:1)
  5 frilled lizards
  A leopard gecko skeleton (D:7)
  A leopard gecko zombie (D:8)
  10 rats
  2 butterflies (D:5)
  A fungus (Lair:1)
191 creatures vanquished.

Notes
Turn   | Place    | Note
-------+----------+-------------------------------------------
     0 | D:1      | shakethe the Troll Monk began the quest for the Orb.
     0 | D:1      | Reached XP level 1. HP: 22/22 MP: 0/0
   170 | D:1      | Reached XP level 2. HP: 29/29 MP: 1/1
   480 | D:2      | Found a hazy altar of Hepliaklqana.
   509 | D:2      | Reached XP level 3. HP: 31/36 MP: 2/2
  1107 | D:3      | Noticed Grinder
  1107 | D:3      | Noticed Terence
  1132 | D:3      | Killed Terence
  1132 | D:3      | Reached skill level 1 in Armour
  1132 | D:3      | Reached XP level 4. HP: 41/44 MP: 3/3
  1145 | D:3      | Killed Grinder
  1145 | D:3      | Reached skill level 5 in Unarmed Combat
  1145 | D:3      | Reached XP level 5. HP: 35/53 MP: 4/4
  1145 | D:3      | Reached XP level 6. HP: 40/61 MP: 5/5
  1372 | D:3      | Noticed shakethe's ghost (amateur TrMo)
  1386 | D:3      | Killed shakethe's ghost
  1403 | D:3      | Found a deep blue altar of Sif Muna.
  1754 | D:3      | Found a sacrificial altar of Ru.
  2324 | D:4      | Found a stormy altar of Qazlal.
  2385 | D:4      | Noticed Sigmund
  2441 | D:4      | HP: 3/62 [poisoned by Sigmund]
  2447 | D:4      | HP: 3/62 [poisoned by Sigmund]
  2467 | D:4      | HP: 1/62 [Sigmund/magic dart (8)]
  2631 | D:4      | Killed Sigmund
  2631 | D:4      | Reached skill level 2 in Maces & Flails
  2631 | D:4      | Reached XP level 7. HP: 58/70 MP: 6/6
  2878 | D:4      | Noticed Duvessa
  2889 | D:4      | Noticed Dowan
  2922 | D:4      | Killed Dowan
  2940 | D:4      | Killed Duvessa
  2940 | D:4      | Reached skill level 3 in Maces & Flails
  3298 | D:5      | Entered Level 5 of the Dungeon
  3321 | D:5      | Noticed Menkaure
  3328 | D:5      | Killed Menkaure
  3329 | D:5      | Found a staircase to the Ecumenical Temple.
  3397 | D:5      | Reached skill level 4 in Maces & Flails
  3397 | D:5      | Reached XP level 8. HP: 78/78 MP: 7/7
  3602 | D:5      | Found an ancient bone altar of Kikubaaqudgha.
  4329 | Temple   | Entered the Ecumenical Temple
  4365 | Temple   | Became a worshipper of Warmaster Okawaru
  4365 | Temple   | Reached * piety under Okawaru
  4365 | Temple   | Reached ** piety under Okawaru
  4466 | D:6      | Reached skill level 5 in Maces & Flails
  4497 | D:6      | Noticed a hippogriff
  4501 | D:6      | Killed a hippogriff
  4501 | D:6      | Reached skill level 6 in Maces & Flails
  4695 | D:6      | Found Qaibut's Antique Armour Emporium.
  4930 | D:6      | Reached skill level 7 in Maces & Flails
  5122 | D:7      | Noticed Prince Ribbit
  5377 | D:7      | Killed Prince Ribbit
  5377 | D:7      | Reached *** piety under Okawaru
  5377 | D:7      | Reached XP level 9. HP: 79/84 MP: 8/8
  5379 | D:7      | Reached skill level 8 in Maces & Flails
  5873 | D:7      | Reached skill level 9 in Maces & Flails
  6060 | D:7      | Found a sparkling altar of Nemelex Xobeh.
  6283 | D:7      | Learned a level 1 spell: Beastly Appendage
  6647 | D:8      | Noticed a two-headed ogre
  6655 | D:8      | Killed a two-headed ogre
  6655 | D:8      | Reached **** piety under Okawaru
  6655 | D:8      | Reached skill level 10 in Maces & Flails
  6742 | D:8      | Noticed Gastronok
  6798 | D:8      | Killed Gastronok
  6798 | D:8      | Reached ***** piety under Okawaru
  6798 | D:8      | Received a gift from Okawaru
  6798 | D:8      | Reached skill level 12 in Maces & Flails
  6798 | D:8      | Reached XP level 10. HP: 77/93 MP: 9/9
  6818 | D:8      | Got a dull robe {god gift}
  7053 | D:8      | Found a staircase to the Lair.
  7528 | D:8      | Reached skill level 1 in Shields
  7673 | Lair:1   | Entered Level 1 of the Lair of Beasts
  7814 | Lair:1   | Received a gift from Okawaru
  7959 | Lair:1   | Found a labyrinth entrance.
  7991 | Lair:1   | Reached XP level 11. HP: 100/100 MP: 10/10
  8098 | Lair:1   | HP: 5/100 [spiny frog (5)]
  8099 | Lair:1   | HP: 1/100 [crocodile (4)]
  8100 | Lair:1   | Mangled by a spiny frog

Skill      XL: |  1  2  3  4  5  6  7  8  9 10 |
---------------+-------------------------------+-----
Armour         | 1 2 3 |  3.2
Unarmed Combat | 4 5 |  5.8
Fighting       | 3 4 |  4.3
Maces & Flails | 2 4 7 12 | 12.6
Shields        | 4 |  4.2
Dodging        | |  2.5
Stealth        | |  1.0

Action                   |  1- 3 |  4- 6 |  7- 9 | 10-12 || total
-------------------------+-------+-------+-------+-------++-------
Melee: Unarmed           |   118 |    73 |       |       ||   191
       Punch             |     2 |     2 |     7 |       ||    11
       Flail             |       |    34 |   275 |   182 ||   491
Invok: Heroism           |       |       |     1 |     1 ||     2
  Use: Scroll            |       |    17 |     4 |     8 ||    29
       Potion            |       |       |     2 |     1 ||     3
 Stab: Sleeping          |     1 |       |       |       ||     1
  Eat: Chunk             |    16 |    10 |    38 |    12 ||    76
       Ration            |       |       |     1 |       ||     1
Armor: Ice dragon scales |    97 |    56 |   171 |   133 ||   457
       Robe              |     3 |       |       |       ||     3
Dodge: Dodged            |    86 |    48 |   158 |   133 ||   425
Block: Shield            |       |       |       |    91 ||    91
